 Dungeon Crawl Stone Soup version 0.28.0-47-ge53b351184 (webtiles) character file.

Game seed: 10792060807905961553

32 styxcanada the Sneak (level 3, -1/18 HPs)
             Began as a Spriggan Brigand on May 6, 2022.
             Slain by a gnoll
             ... wielding a +0 spear
              (6 damage)
             ... on level 3 of the Dungeon.
             The game lasted 00:05:40 (2232 turns).

styxcanada the Sneak (Spriggan Brigand)             Turns: 2232, Time: 00:05:41

Health: -1/18      AC:  3    Str:  7    XL:     3   Next: 8%
Magic:  4/4        EV: 17    Int: 12    God:
Gold:   86         SH:  0    Dex: 18    Spells: 2/2 levels left

rFire   . . .      SeeInvis +   a - +2 dagger
rCold   . . .      Faith    .   (no shield)
rNeg    + . .      Spirit   .   b - +0 robe
rPois   .          Reflect  .   (helmet restricted)
rElec   .          Harm     .   c - +0 cloak
rCorr   .          Rampage  .   (gloves unavailable)
Will    .....                   (boots unavailable)
Stlth   ++++......              (no amulet)
HPRegen 0.06/turn               i - ring of positive energy
MPRegen 0.09/turn               (no ring)

@: very quick
A: very small, no large weapons, unfitting armour, see invisible, speed 3
a: no special abilities


You were on level 3 of the Dungeon.
You visited 1 branch of the dungeon, and saw 3 of its levels.

You collected 86 gold pieces.

Inventory:

Hand Weapons
 a - a +2 dagger (weapon)
Missiles
 d - 3 poisoned darts (quivered)
 e - 2 curare-tipped darts
 j - 105 stones
 m - 13 sling bullets
Armour
 b - a +0 robe (worn)
 c - a +0 cloak (worn)
Magical Staves
 o - a staff of cold
Jewellery
 i - a ring of positive energy (left hand)
 l - a ring of fire
Scrolls
 f - 2 scrolls of blinking {unknown}
 k - a scroll of enchant armour {unknown}
 n - a scroll of silence {unknown}
Potions
 g - a potion of brilliance {unknown}
 h - a potion of attraction {unknown}
 p - a potion of might {unknown}
 q - a potion of magic {unknown}
 r - a potion of cancellation {unknown}


   Skills:
 * Level 1.8 Fighting
 + Level 2.3 Short Blades
 + Level 2.0 Throwing
 * Level 1.7 Dodging
 * Level 7.0 Stealth


You had 2 spell levels left.
You didn't know any spells.
Your spell library contained the following spells:

 Spells                   Type           Power      Damage    Failure   Level
 Gell's Gravitas          Tloc           0%         N/A       69%         3
 Teleport Other           Tloc           0%         N/A       69%         3
 Dispersal                Tloc           0%         N/A       100%        6


Dungeon Overview and Level Annotations

Branches:
Dungeon (3/15)

Altars:


Innate Abilities, Weirdness & Mutations

You are very small and have problems with some larger weapons.
You are too small for most types of armour.
You have supernaturally acute eyesight. (SInv)
You cover ground extremely quickly. (Speed+++)


Message History

The gnoll shouts!
Throw: 6 darts (poison)
Press: ? - help, Q - select action, (/) - cycle Shift-Dir - straight line, f/p - gnoll
Aim: a gnoll, wielding a +0 spear and quivering 2 throwing nets (poisoned, 65% to hit)
You throw a poisoned dart.
The poisoned dart closely misses the gnoll.
Throw: 5 darts (poison)
Press: ? - help, Q - select action, (/) - cycle Shift-Dir - straight line, f/p - gnoll
Aim: a gnoll, wielding a +0 spear and quivering 2 throwing nets (poisoned, 65% to hit)
You throw a poisoned dart. The poisoned dart hits the gnoll.
The gnoll looks even sicker.
Throw: 4 darts (poison)
Press: ? - help, Q - select action, (/) - cycle Shift-Dir - straight line, f/p - gnoll
Aim: a gnoll, wielding a +0 spear and quivering 2 throwing nets (very poisoned, 65% to hit)
You throw a poisoned dart. The poisoned dart hits the gnoll.
The gnoll looks even sicker.
The gnoll hits you from afar with a +0 spear.
You hit the gnoll.
The gnoll is lightly wounded.
You hit the gnoll.
The gnoll is moderately wounded.
The gnoll hits you from afar with a +0 spear.
The gnoll closely misses you.
You closely miss the gnoll.
The gnoll is moderately wounded.
The gnoll hits you but does no damage.
A gnoll comes into view. It is wielding a +0 halberd.
You closely miss the gnoll.
The gnoll is moderately wounded.
The gnoll closely misses you. x2
You barely miss the gnoll.
The gnoll is moderately wounded.
The gnoll closely misses you.
The gnoll hits you from afar with a +0 spear.
* * * LOW HITPOINT WARNING * * *
You hit the gnoll.
The gnoll is heavily wounded.
The gnoll misses you.
The gnoll hits you from afar with a +0 spear.
You die...

#<............#....#
#############.#....####
.........#....'..#
.........#....##.#
.........##.####.#
)...>....##.####.#
.#######.........#
####.###### #@# #g# #g#
#(# #.# #g# ..# .(#


You could see 3 gnolls.

Vanquished Creatures
  5 endoplasms
  A giant cockroach (D:1)
  2 goblins
  3 hobgoblins (D:1)
  4 jackals
  A quokka (D:1)
  2 ball pythons
  2 bats
  3 frilled lizards
  3 kobolds
  2 rats
28 creatures vanquished.

Notes
Turn   | Place    | Note
-------+----------+-------------------------------------------
     0 | D:1      | styxcanada the Spriggan Brigand began the quest for the
                  | Orb.
     0 | D:1      | Reached XP level 1. HP: 10/10 MP: 2/2
   255 | D:1      | Reached skill level 6 in Stealth
   551 | D:1      | Reached XP level 2. HP: 15/15 MP: 3/3
  1970 | D:2      | Reached skill level 7 in Stealth
  1970 | D:2      | Reached XP level 3. HP: 18/18 MP: 4/4
  2232 | D:3      | Slain by a gnoll

Illustrated notes

Levels and vault maps discovered:
D:1:      dpeg_arrival_round_c, layout_loops_ring
D:2:      layout_basic, chequers_serial_rivers_marsh,
          chequers_serial_rivers_large_a, minmay_misc_feat_x
D:3:      layout_basic, overflow_temple_1_default, ebering_ghost_disaster_area

Skill      XL: |  1  2 |
---------------+-------+-----
Stealth        | 6 7 |  7.0
Fighting       | |  1.8
Short Blades   | |  2.3
Throwing       | |  2.0
Dodging        | |  1.7

Action                   || total
-------------------------++-------
Melee: Dagger            ||    87
       Punch             ||     1
Throw: Dart              ||     6
 Stab: Sleeping          ||    10
Armor: Robe              ||     9
Dodge: Dodged            ||    57
